Map: Orbital Shipyard

Players

llllllllllll

  • Race: Zerg Zerg
  • League: Diamond

EJK - Winner!

  • Race: Terran Terran
  • League: Diamond

VOD

Have the link to the VOD?

Description

Time

  • Played on: Nov. 11, 2015, 3:51 a.m.
  • Length: 18:00
Show
View Real Time Build Order
Export as new Build Order

llllllllllll Zerg 

Build Orders: Hatch First, Lurkers 

Get SALT Encoding   

  12  0:00  Drone  
  13  0:09  Drone  
  14  0:17  Overlord  
  14  0:27  Drone, Extractor  
  15  0:35  Drone x2  
  17  0:44  Drone  
  18  0:56  Hatchery  
  17  0:59  Drone  
  18  1:12  Spawning Pool  
  18  1:14  Drone  
  18  1:18  Drone  
  19  1:28  Drone  
  20  1:33  Extractor  
  19  1:44  Drone  
  20  1:57  Overlord  
  20  1:58  Queen  
  22  2:09  Queen  
  22  2:10  Drone  
  22  2:11  Drone  
  22  2:12  Drone  
  27  2:20  Drone  
  27  2:21  Drone  
  28  2:38  Drone  
  28  2:40  Drone, Queen  
  28  2:41  Metabolic Boost  
  28  2:43  Drone x2  
  34  2:52  Drone x2  
  34  2:56  Extractor  
  35  2:59  Extractor, Queen  
  35  3:02  Overlord  
  36  3:16  Drone  
  36  3:21  Drone x4  
  36  3:22  Drone x3  
  36  3:27  Lair, Drone  
  44  3:34  Extractor x2  
  44  3:36  Drone x2  
  44  3:37  Extractor  
  43  3:42  Drone  
  43  3:45  Overlord  
  44  3:54  Overlord  
  44  4:04  Drone x4  
  44  4:05  Drone x3  
  51  4:14  Drone  
  53  4:24  Drone x3  
  53  4:30  Spire  
  54  4:32  Hatchery, Drone  
  54  4:33  Drone x2  
  54  4:35  Zergling x2  
  57  4:42  Zergling x4  
  57  4:43  Drone  
  60  4:51  Overlord  
  60  4:52  Overlord  
  60  4:56  Overlord  
  60  5:00  Roach Warren  
  59  5:12  Overlord  
  59  5:13  Drone x5  
  64  5:17  Burrow  
  64  5:20  Drone  
  64  5:21  Drone x2  
  67  5:22  Evolution Chamber  
  64  5:43  Mutalisk x7  
  64  5:49  Zerg Missile Weapons Level 1  
  78  5:50  Glial Reconstitution  
  78  5:58  Roach x4  
  78  5:59  Roach  
  78  6:00  Overlord x2  
  78  6:03  Overlord  
  88  6:06  Overlord  
  88  6:17  Roach  
  88  6:20  Roach  
  88  6:21  Roach x6  
  102  6:26  Roach x4  
  102  6:32  Roach  
  112  6:34  Roach x4  
  118  6:41  Roach  
  120  6:47  Overlord  
  120  6:48  Overlord x2  
  120  6:49  Ravager  
  120  6:52  Overlord x2  
  120  7:02  Overlord  
  120  7:09  Overlord  
  120  7:10  Roach x2  
  120  7:11  Roach x8  
  120  7:12  Ravager  
  120  7:13  Overseer  
  141  7:18  Roach  
  141  7:19  Roach  
  141  7:20  Roach  
  141  7:21  Roach  
  145  7:25  Roach  
  147  7:33  Roach x5  
  147  7:34  Roach x7  
  142  7:40  Roach x4  
  142  7:41  Roach x3  
  142  7:45  Roach x2  
  142  7:48  Overlord  
  142  7:50  Roach x2  
  150  7:55  Overlord  
  150  7:56  Roach  
  150  7:57  Roach x2  
  144  8:11  Roach  
  130  8:12  Roach  
  130  8:13  Roach x4  
  130  8:16  Roach x3  
  130  8:18  Roach  
  140  8:22  Overlord  
  140  8:24  Overlord, Extractor  
  140  8:25  Roach, Extractor  
  140  8:26  Roach x2  
  144  8:28  Roach  
  144  8:32  Roach  
  118  8:52  Roach x4  
  118  8:53  Roach x2  
  118  8:55  Roach x4  
  123  9:05  Roach x3  
  123  9:06  Roach  
  123  9:08  Drone x5, Roach x3  
  126  9:14  Overlord  
  124  9:18  Roach x4  
  124  9:21  Roach x2  
  124  9:23  Roach  
  138  9:25  Roach  
  140  9:31  Overlord  
  140  9:34  Overlord  
  140  9:35  Roach  
  140  9:37  Roach  
  144  9:43  Roach  
  144  9:44  Roach  
  150  9:45  Roach  
  150  9:46  Roach  
  150  9:48  Overlord  
  150  9:49  Roach x3  
  150  9:51  Roach  
  150  9:52  Overseer  
  160  9:53  Roach  
  160  9:55  Roach  
  160  9:57  Roach  
  160  9:59  Roach  
  168  10:02  Roach  
  168  10:04  Roach  
  138  10:22  Roach x7  
  138  10:25  Roach x4  
  138  10:27  Roach x10  
  148  10:34  Roach x2  
  136  10:36  Roach  
  132  10:52  Roach  
  114  11:00  Roach x5  
  112  11:07  Roach x10  
  112  11:11  Roach x3  
  104  11:14  Roach  
  104  11:16  Overseer  
  106  11:19  Overlord  
  106  11:21  Hydralisk Den, Roach  
  106  11:24  Zerg Missile Weapons Level 2  
  107  11:58  Muscular Augments  
  107  11:59  Hatchery, Hydralisk x12  
  130  12:06  Roach  
  130  12:07  Roach x4  
  140  12:10  Roach  
  140  12:14  Roach x2  
  146  12:18  Roach  
  146  12:20  Roach  
  146  12:21  Overseer  
  150  12:24  Roach  
  150  12:26  Roach  
  150  12:29  Roach  
  156  12:32  Roach  
  156  12:33  Roach  
  156  12:36  Roach  
  162  12:40  Roach x2  
  162  12:42  Overlord  
  166  12:46  Infestation Pit  
  166  12:51  Roach x3  
  164  12:53  Roach  
  164  12:57  Roach  
  165  13:01  Roach  
  165  13:03  Roach  
  169  13:10  Lurker Den  
  169  13:22  Roach x5  
  169  13:25  Roach  
  145  13:41  Roach x3  
  145  13:42  Roach  
  145  13:44  Roach x3  
  145  13:48  Roach x24  
  145  13:56  Roach x3  
  145  13:59  Roach  
  145  14:00  Roach  
  153  14:04  Drone x2  
  151  14:15  Roach  
  151  14:16  Roach x3  
  121  14:25  Drone x5  
  120  14:38  Roach x20  
  120  14:39  Lurker x5  
  120  14:40  Lurker  
  127  14:45  Drone x2  
  127  14:48  Drone  
  129  14:54  Overlord  
  129  15:13  Spine Crawler  
  128  15:14  Spine Crawler  
  127  15:25  Hydralisk x4  
  119  15:29  Drone x2  
  119  15:30  Drone x2  
  119  15:32  Extractor  
  119  15:33  Extractor  
  101  15:51  Roach x5  
  94  16:05  Lurker x4  
  90  16:20  Hatchery  
  89  16:28  Drone x4  
  93  16:41  Drone  
  93  16:42  Drone x2  
  93  16:44  Infestation Pit  
  85  17:08  Drone x2  
  85  17:09  Drone x3  
  90  17:29  Roach x5  
  92  17:30  Hatchery  
  91  17:37  Roach x2  
Show
View Real Time Build Order
Export as new Build Order

EJK Terran - Winner!

Build Orders: Reaper Expand 

Get SALT Encoding   

  12  0:01  SCV  
  13  0:13  SCV  
  14  0:18  Supply Depot  
  14  0:25  SCV  
  15  0:39  SCV  
  15  0:40  Barracks  
  16  0:45  Refinery  
  16  0:51  SCV  
  17  1:03  SCV  
  18  1:15  SCV  
  19  1:30  Orbital Command  
  19  1:31  Reaper  
  20  1:41  Command Center  
  20  1:52  Supply Depot  
  20  1:56  SCV  
  21  2:04  Reaper  
  22  2:12  SCV  
  23  2:24  SCV  
  23  2:25  Command Center  
  24  2:38  SCV, Factory  
  25  2:46  Barracks Reactor  
  25  2:49  Refinery  
  25  2:50  SCV  
  26  2:54  Orbital Command  
  26  3:03  SCV  
  27  3:16  SCV  
  26  3:20  Factory  
  26  3:21  SCV  
  27  3:28  SCV  
  27  3:30  Hellion x2  
  32  3:34  Barracks Tech Lab  
  32  3:37  Orbital Command  
  32  3:40  SCV x2  
  34  3:51  Hellion  
  34  3:52  SCV x2, Hellion  
  40  4:00  Refinery  
  40  4:01  Refinery  
  40  4:04  SCV x3  
  43  4:11  Cyclone  
  43  4:13  Hellion x2  
  50  4:17  SCV x3  
  50  4:22  Supply Depot  
  53  4:30  Barracks Tech Lab  
  53  4:32  Factory  
  53  4:33  SCV x3  
  53  4:37  Orbital Command  
  56  4:46  Cyclone  
  56  4:49  Supply Depot  
  56  4:50  SCV x2  
  65  4:52  Hellion  
  65  4:53  Hellion  
  65  4:56  Infernal Pre-Igniter  
  65  5:01  Engineering Bay  
  65  5:02  SCV x2  
  67  5:07  SCV  
  67  5:12  Supply Depot  
  66  5:17  Hellion x2  
  66  5:18  Cyclone  
  73  5:23  SCV x3  
  76  5:32  Refinery x2  
  76  5:36  SCV x3  
  76  5:37  Supply Depot x2, Cyclone  
  81  5:47  Hellion x2  
  85  5:54  Missile Turret  
  85  5:55  Missile Turret  
  85  5:58  SCV x2, Cyclone  
  85  6:01  Missile Turret  
  90  6:06  SCV  
  90  6:07  Missile Turret  
  90  6:10  SCV x2  
  93  6:21  Cyclone  
  93  6:22  Hellion x2  
  100  6:25  SCV  
  100  6:29  SCV x2  
  100  6:30  Supply Depot  
  101  6:35  Cyclone, Missile Turret  
  101  6:38  Mag-Field Accelerator  
  104  6:48  Factory x2  
  104  6:53  SCV x2, Cyclone  
  109  6:55  SCV  
  110  7:02  Supply Depot, Hellion  
  110  7:05  Hellion  
  110  7:06  SCV  
  110  7:07  Cyclone  
  117  7:19  Armory  
  117  7:23  SCV x3  
  117  7:29  Missile Turret  
  117  7:35  SCV x3  
  106  7:39  Factory Tech Lab, Factory Reactor  
  106  7:40  Cyclone  
  107  7:47  SCV x3, Missile Turret  
  113  7:51  Cyclone  
  113  7:57  Hellion  
  113  7:58  Hellion, Cyclone  
  120  7:59  SCV  
  112  8:08  SCV  
  112  8:09  SCV  
  112  8:11  SCV  
  112  8:12  Cyclone  
  106  8:19  Hellion  
  106  8:20  SCV  
  106  8:23  Cyclone  
  110  8:30  Cyclone  
  110  8:31  Hellion x3  
  108  8:44  SCV x3, Cyclone  
  108  8:47  Hellion  
  108  8:52  Hellion x2  
  108  8:55  Cyclone  
  114  8:56  SCV x3  
  114  9:02  Cyclone  
  115  9:07  Hellion  
  115  9:08  Hellion  
  112  9:14  Hellion  
  112  9:16  Cyclone, Terran Vehicle Weapons Level 1  
  117  9:34  Supply Depot  
  117  9:35  Command Center  
  117  9:36  SCV, Cyclone, Hellion x2  
  125  9:56  SCV, Cyclone, Hellion x2  
  133  10:01  Supply Depot x2  
  133  10:03  Supply Depot  
  133  10:12  Cyclone  
  133  10:14  SCV, Cyclone  
  112  10:22  SCV x2  
  112  10:26  SCV  
  112  10:28  Cyclone  
  118  10:34  SCV  
  118  10:35  SCV  
  112  10:38  SCV  
  113  10:44  Cyclone  
  113  10:46  Cyclone  
  113  10:47  SCV x2  
  113  10:48  Hellion x3  
  113  10:49  Hellion  
  129  10:50  SCV  
  120  11:00  Cyclone  
  120  11:10  Hellion x3  
  119  11:16  Cyclone  
  119  11:18  Cyclone  
  125  11:29  Command Center  
  125  11:31  Hellion x3  
  125  11:32  Cyclone  
  134  11:36  Terran Vehicle Weapons Level 2  
  134  11:48  Cyclone  
  134  11:49  Planetary Fortress  
  137  11:54  Missile Turret  
  137  11:56  Supply Depot  
  137  11:57  Supply Depot, Refinery  
  137  12:00  Refinery, Missile Turret  
  137  12:01  Cyclone  
  140  12:05  Cyclone  
  143  12:20  Supply Depot  
  143  12:22  Cyclone  
  146  12:31  Hellion x2  
  146  12:32  Hellion x2  
  146  12:33  Cyclone  
  155  12:53  Cyclone  
  155  12:54  Cyclone  
  155  12:57  Hellion x4  
  165  13:05  Cyclone  
  168  13:15  Refinery  
  168  13:17  Refinery  
  168  13:18  Hellion x3  
  168  13:19  Hellion  
  176  13:25  Cyclone, Missile Turret  
  176  13:26  Hellion  
  181  13:29  Sensor Tower  
  161  13:41  Cyclone  
  161  13:42  Hellion x2  
  161  13:43  Hellion  
  161  13:48  Cyclone  
  161  13:58  Cyclone  
  161  14:00  Planetary Fortress  
  158  14:12  Hellion x4  
  158  14:13  Cyclone  
  156  14:20  Cyclone  
  150  14:29  Terran Vehicle And Ship Armor Level 1  
  150  14:30  Cyclone  
  153  14:33  Hellion  
  153  14:34  Hellion x3  
  161  14:45  Armory, Cyclone  
  161  14:47  Barracks Reactor  
  161  14:52  Cyclone, Starport  
  167  14:55  Hellion  
  169  15:00  Sensor Tower  
  169  15:02  Cyclone  
  169  15:06  Command Center  
  172  15:08  Hellion  
  172  15:11  Hellion  
  172  15:13  Hellion  
  178  15:18  Cyclone  
  178  15:20  Liberator  
  181  15:24  Cyclone  
  181  15:26  Missile Turret  
  182  15:34  Cyclone  
  185  15:37  Hellion x3  
  194  15:44  Liberator  
  194  15:56  Cyclone  
  193  16:16  Cyclone  
  193  16:18  Cyclone  
  197  16:24  Starport  
  197  16:42  Cyclone  
  200  16:49  Refinery  
  200  16:50  Refinery  
  198  16:58  Planetary Fortress  
  198  17:05  Starport Tech Lab  
  198  17:09  Missile Turret, Fusion Core  
  198  17:12  Missile Turret  
  198  17:22  Factory  
  196  17:23  Factory  
Tags
 
Add a new tag
Caveats
  • Supply blocks, unpowered buildings, or Contaminate may cause inaccurate times.
  • Supply counts are checked every 10 seconds.